 Dungeon Crawl Stone Soup version 0.27.0-1-g7a089689b8 (webtiles) character file.

Game seed: 7659327338812919902

1757 EnegeticOcto the Cleaver (level 8, -4/71 HPs)
             Began as a Minotaur Fighter on Aug 8, 2021.
             Was a Believer of Okawaru.
             Slain by a two-headed ogre (33 damage)
             ... on level 6 of the Dungeon.
             The game lasted 00:02:46 (5717 turns).

EnegeticOcto the Cleaver (Minotaur Fighter)         Turns: 5717, Time: 00:02:47

Health: -4/71      AC: 16    Str: 29    XL:     8   Next: 79%
Magic:  9/9        EV:  6    Int:  5    God:    Okawaru [**....]
Gold:   312        SH: 11    Dex: 10    Spells: 7/7 levels left

rFire    . . .     SeeInvis .   a - +0 war axe (freeze)
rCold    . . .     Faith    .   c - +0 kite shield
rNeg     . . .     Spirit   .   r - +0 plate armour
rPois    .         Reflect  .   n - +1 hat
rElec    .         Harm     .   f - +1 cloak {Will+}
rCorr    .         Rampage  .   (no gloves)
Will     +....                  (no boots)
Stlth    ..........             h - amulet of the acrobat
HPRegen  0.21/turn              m - +6 ring of strength
MPRegen  0.11/turn              (no ring)

@: no status effects
A: horns 2, retaliatory headbutt
a: Renounce Religion, Heroism


You were on level 6 of the Dungeon.
You worshipped Okawaru.
Okawaru was pleased with you.
You visited 1 branch of the dungeon, and saw 6 of its levels.
You also visited: Sewer.

You collected 312 gold pieces.

Inventory:

Hand Weapons
 a - a +0 war axe of freezing (weapon)
Armour
 b - a +0 scale mail
 c - a +0 kite shield (worn)
 f - a +1 cloak of willpower (worn)
 n - a +1 hat (worn)
 r - a +0 plate armour (worn)
Jewellery
 h - an amulet of the acrobat (around neck)
 m - a +6 ring of strength (left hand)
 s - a ring of fire
Wands
 u - a wand of charming (5)
 x - a wand of acid (6) {@v1}
Scrolls
 g - a scroll of acquirement {unknown}
 i - 5 scrolls of teleportation {@r3}
 l - 2 scrolls of fog
 o - a scroll of noise {unknown}
 p - 2 scrolls of magic mapping {unknown}
 v - a scroll of blinking {unknown}
 w - a scroll of identify {@r1}
Potions
 d - 2 potions of might {@q3}
 e - 2 potions of mutation
 j - 2 potions of degeneration
 k - 3 potions of heal wounds {@q2}
 q - a potion of curing {unknown}
 t - a potion of resistance {unknown}
 z - a potion of brilliance {unknown}


   Skills:
 + Level 6.6 Fighting
 * Level 8.5 Axes
 + Level 6.7 Armour
 + Level 6.7 Shields
 + Level 3.6 Invocations


You had 7 spell levels left.
You didn't know any spells.
Your spell library was empty.

Dungeon Overview and Level Annotations

Branches:
Dungeon (6/15)              Sewer (visited)
 Temple: D:4-7

Altars:
Makhleb
Nemelex Xobeh
Okawaru
Zin

Annotations:
D:3 1 runed translucent door, windycow's ghost, amateur GnEE


Innate Abilities, Weirdness & Mutations

You have a pair of horns on your head.
You reflexively headbutt those who attack you in melee.


Message History

You block the orc's attack.
You hit the water moccasin zombie but do no damage.
You headbutt the water moccasin zombie!
You destroy the water moccasin zombie!
Okawaru accepts your kill.
You hit the orc. You freeze the orc.
The orc priest begins to cast a cantrip, but forgets the words!
You slash the orc! You freeze the orc.
You kill the orc!
Okawaru accepts your kill.
You closely miss the orc. The orc barely misses you. The bullfrog hits you.
You hit the bullfrog.
The bullfrog seems to slow down.
You freeze the bullfrog.
The bullfrog is moderately wounded.
You hit the orc. You freeze the orc.
You kill the orc!
Okawaru accepts your kill. You block the bullfrog's attack.
The orc priest hits you but does no damage.
Your shield and plate armour prevent you from hitting the bullfrog.
The bullfrog is moderately wounded.
You closely miss the orc priest. The bullfrog hits you.
You block the orc priest's attack.
You closely miss the bullfrog. You headbutt the bullfrog!
The bullfrog is severely wounded.
You hit the orc priest. You freeze the orc priest.
The bullfrog hits you but does no damage.
You block the orc priest's attack.
You slash the bullfrog!
The bullfrog seems to slow down.
You freeze the bullfrog.
You kill the bullfrog!
Okawaru accepts your kill.
You hit the orc priest. You freeze the orc priest.
The orc priest mumbles some strange prayers to Beogh against you.
Beogh smites you!
You hit the orc priest. You freeze the orc priest. You headbutt the orc priest.
You kill the orc priest!
Okawaru accepts your kill.
No target in view!
No target in view!
No target in view!
No target in view!
No target in view!
No target in view!
No target in view!
No target in view!
No target in view!
No target in view!
No target in view!
No target in view!
No target in view!
No target in view!
No target in view!
Search for what [Enter for "."]? .
HP restored.
Things that are here:
a +0 whip; a +0 ring mail; a bullfrog corpse
Items here: ( )) ††.
Things that are here:
a +0 club; a +0 leather armour; an orc corpse
Things that are here:
a +0 whip; a +0 ring mail; a bullfrog corpse A black bear comes into view.
The black bear growls angrily.
A black bear is nearby!
A black bear is nearby!
A hound comes into view.
A two-headed ogre comes into view.
It is wielding a +0 giant spiked club and a +0 giant club.
The hound barks!
The two-headed ogre shouts in stereo!
The black bear barely misses you. The black bear closely misses you.
You block the black bear's attack.
Found a pair of gloves.
Found a stone staircase leading up.
You hit the black bear. You freeze the black bear.
The black bear is moderately wounded.
You block the black bear's attack. The black bear closely misses you.
The black bear barely misses you.
Your plate armour prevents you from hitting the black bear.
You headbutt the black bear.
The black bear is moderately wounded.
The black bear bites you but does no damage.
The black bear claws you but does no damage.
You block the black bear's attack.
You slice the black bear!! You freeze the black bear.
You kill the black bear!
Okawaru accepts your kill.
You hit the hound but do no damage. You block the hound's attack.
The hound bites you.
You closely miss the hound. You block the hound's attack. x2
You hit the two-headed ogre. You freeze the two-headed ogre.
You headbutt the two-headed ogre!
The two-headed ogre is moderately wounded.
You hit the hound. You freeze the hound.
The hound bites you but does no damage.
The two-headed ogre hits you with a +0 giant spiked club!!
The two-headed ogre hits you with a +0 giant club!
You block the hound's attack.
You hit the two-headed ogre but do no damage.
The two-headed ogre is moderately wounded.
You slash the hound! You freeze the hound. You block the hound's attack.
The two-headed ogre hits you with a +0 giant spiked club!!
You die...

....... ....... .......
#..# ....... #..# ##...
[...... #..# #......
.......## #..###........
.......O# #.............
<.....h@###.............
.....#....#.............
.## #..................#
#..#####...........#
#..# ####........# #..#
##..#..### #..# ##))###
..# ##.)##### ##......


You could see a two-headed ogre and a hound.

Vanquished Creatures
  Grinder (D:4)
  Sigmund (D:2)
  Duvessa (D:5)
  A black bear (D:6)
  2 necrophages
  An ogre (D:4)
  A phantom (D:4)
  A bullfrog (D:6)
  Dowan (D:5)
  2 water moccasin zombies
  Crazy Yiuf (D:3)
  5 hounds
  A jelly (D:5)
  An orc priest (D:6)
  2 centaur skeletons
  Ijyb (D:5)
  Jessica (D:3)
  Terence (D:3)
  2 iguanas
  2 orc wizards (D:5)
  Robin (D:2)
  3 adders
  A white imp (D:5)
  An ufetubus (D:5)
  2 adder skeletons (D:4)
  5 worms
  2 dart slugs
  8 orcs
  6 bats
  8 endoplasms
  8 giant cockroaches
  15 goblins
  7 hobgoblins
  2 jackals (D:4)
  4 quokkas
  9 ball pythons
  7 frilled lizards
  10 kobolds
  6 rats
134 creatures vanquished.

Vanquished Creatures (others)
  6 plants (D:2)
6 creatures vanquished.

Grand Total: 140 creatures vanquished

Notes
Turn   | Place    | Note
-------+----------+-------------------------------------------
     0 | D:1      | EnegeticOcto the Minotaur Fighter began the quest for the
                  | Orb.
     0 | D:1      | Reached XP level 1. HP: 19/19 MP: 0/0
   179 | D:1      | Reached XP level 2. HP: 21/27 MP: 1/1
   347 | D:1      | Reached skill level 3 in Axes
   721 | D:1      | Reached XP level 3. HP: 27/33 MP: 2/2
  1062 | D:2      | Noticed Sigmund
  1078 | D:2      | Killed Sigmund
  1079 | D:2      | Reached skill level 4 in Axes
  1079 | D:2      | Reached XP level 4. HP: 35/41 MP: 3/3
  1079 | D:2      | Reached XP level 5. HP: 40/47 MP: 4/4
  1193 | D:2      | Noticed Robin
  1209 | D:2      | Killed Robin
  1723 | D:2      | Reached skill level 5 in Axes
  1737 | D:2      | Found a faded altar of an unknown god.
  1908 | D:3      | Noticed Terence
  1916 | D:3      | Killed Terence
  2225 | D:3      | Found a runed translucent door.
  2459 | D:3      | Reached XP level 6. HP: 55/55 MP: 5/5
  2531 | D:3      | Found an iron altar of Okawaru.
  2576 | D:3      | Became a worshipper of Warmaster Okawaru
  2605 | D:3      | Found a glowing drain.
  2633 | Sewer    | Entered a sewer
  3099 | D:3      | Found a runed translucent door.
  3100 | D:3      | Noticed Crazy Yiuf
  3102 | D:3      | Noticed Jessica
  3367 | D:3      | Noticed windycow's ghost (amateur GnEE)
  3478 | D:3      | Killed Crazy Yiuf
  3479 | D:3      | Killed Jessica
  3480 | D:3      | Reached skill level 5 in Armour
  3480 | D:3      | Reached skill level 5 in Shields
  3678 | D:4      | Reached skill level 5 in Fighting
  3678 | D:4      | Reached skill level 1 in Invocations
  3833 | D:4      | Noticed Grinder
  3833 | D:4      | Paralysed by Grinder for 2 turns
  3854 | D:4      | Killed Grinder
  3854 | D:4      | Reached * piety under Okawaru
  3855 | D:4      | Reached skill level 6 in Axes
  3855 | D:4      | Reached XP level 7. HP: 50/61 MP: 5/7
  4621 | D:5      | Entered Level 5 of the Dungeon
  4762 | D:5      | Noticed Ijyb
  4771 | D:5      | Killed Ijyb
  4772 | D:5      | Reached skill level 7 in Axes
  4839 | D:5      | Reached XP level 8. HP: 68/70 MP: 8/8
  5016 | D:5      | Noticed Duvessa
  5016 | D:5      | Noticed Dowan
  5025 | D:5      | Killed Duvessa
  5029 | D:5      | Killed Dowan
  5225 | D:5      | Found a sparkling altar of Nemelex Xobeh.
  5262 | D:5      | Found a glowing silver altar of Zin.
  5393 | D:5      | Found a burning altar of Makhleb.
  5399 | D:5      | Reached skill level 8 in Axes
  5581 | D:6      | Reached ** piety under Okawaru
  5711 | D:6      | Noticed a two-headed ogre
  5717 | D:6      | Slain by a two-headed ogre

Illustrated notes

Levels and vault maps discovered:
D:1:      lemuel_arrival_behind_the_door_small, layout_basic,
          minmay_pentomino_w2
D:2:      layout_loops_ring, chequers_ecumenical_altar_lobes, uniq_robin,
          uniq_sigmund
D:3:      layout_loops_ring, mainiacjoe_overflow_24_doors,
          ebering_ghost_sewer_d, portal_sewer_entry_b, minmay_misc_feat_chi,
          uniq_crazy_yiuf_cottage, uniq_terence, uniq_jessica
D:4:      layout_basic, uniq_grinder
D:5:      layout_loops_ring, makhleb_heckhound_becter,
          mainiacjoe_overflow_catch_the_wave, uniq_ijyb, uniq_duvessa
D:6:      layout_cave_pods, trog_butcher_becter

Skill      XL: |  1  2  3  4  5  6  7  8 |
---------------+-------------------------+-----
Axes           | 3 4 5 6 7 8 |  8.5
Armour         | 4 5 6 |  6.7
Fighting       | 4 5 6 |  6.6
Shields        | 4 5 6 |  6.7
Invocations    | 1 2 3 |  3.6

Action                   |  1- 3 |  4- 6 |  7- 9 || total
-------------------------+-------+-------+-------++-------
Melee: War axe           |    43 |   142 |   127 ||   312
       Headbutt          |     5 |    18 |    29 ||    52
  Use: Scroll            |       |     9 |     2 ||    11
Armor: Scale mail        |    20 |    63 |    12 ||    95
       Plate armour      |       |       |    65 ||    65
Dodge: Dodged            |    20 |    53 |    32 ||   105
Block: Kite shield       |    20 |    76 |    81 ||   177
